 Dungeon Crawl Stone Soup version 0.16-a0-3855-gd2600ac (console) character file.

101390 Monkaria the Executioner (level 16, -11/141 HPs)
             Began as a Hill Orc Fighter on Jan 31, 2015.
             Was the Champion of Makhleb.
             Killed from afar by a deep elf knight (14 damage)
             ... with a stone arrow
             ... on level 1 of the Elven Halls.
             The game lasted 02:07:20 (32206 turns).

Monkaria the Executioner (Hill Orc Fighter)        Turns: 32206, Time: 02:07:20

Health: -11/141    AC: 28    Str: 24 (27) XL:     16   Next: 30%
Magic:  33/33      EV:  7    Int:  7      God:    Makhleb [******]
Gold:   1698       SH:  0    Dex: 12 (13) Spells: 0 memorised, 15 levels left

rFire  + . .     SeeInvis .     f - +0 executioner's axe (freeze)
rCold  . . .     Clarity  .     n - +2 plate armour {rF+}
rNeg   + . .     SustAb   .     (no shield)
rPois  .         Gourm    .     y - +2 helmet
rElec  .         Spirit   .     Z - +0 cloak
rCorr  .         Warding  +     u - +1 pair of gloves {Dex+3}
rMut   .         Stasis   .     z - +2 pair of boots
MR     +....                    D - amulet of warding
Stlth  ..........               (no ring)
                                (no ring)

@: very slightly contaminated, studying Translocations, invisible, somewhat
resistant to hostile enchantments, extremely unstealthy
A: talons 1, deterioration 1, mutation resistance 1
a: Minor Destruction, Lesser Servant of Makhleb, Major Destruction, Greater
Servant of Makhleb, Renounce Religion


You were on level 1 of the Elven Halls.
You worshipped Makhleb.
Makhleb was exalted by your worship.
You were hungry.

You visited 5 branches of the dungeon, and saw 24 of its levels.
You also visited: Ossuary, Ice Cave and Wizlab.

You collected 3280 gold pieces.
You spent 1074 gold pieces at shops.

Inventory:

Hand weapons
 f - a +0 executioner's axe of freezing (weapon)
 g - a +1 war axe of holy wrath
 k - the +3 battleaxe "Soydi" {flame, Str+2 Stlth+}
   (You found it on level 6 of the Lair of Beasts)

   It has been specially enchanted to burn those struck by it, causing extra
   injury to most foes and up to half again as much damage against particularly
   susceptible opponents.
   Big, fiery blades are also staple armaments of hydra-hunters.
   It affects your strength (+2).
   It makes you more stealthy.
 v - a +0 blowgun
Missiles
 p - 88 poisoned needles
Armour
 a - a +0 plate armour of poison resistance
 i - a +3 plate armour of positive energy
 m - the +0 chain mail of the Eleven Eyes {Regen+}
   (You bought it in a shop on level 4 of the Orcish Mines)

   It increases your rate of regeneration.
 n - a +2 plate armour of fire resistance (worn)
 u - a +1 pair of gloves of dexterity (worn)
 y - a +2 helmet (worn)
 z - a +2 pair of boots (worn)
 F - a +2 cloak of invisibility
 J - the +2 cloak of the Thief {+Fog Slay-2 SInv Stlth+}
   (You found it in a wizard's laboratory)

   It affects your accuracy and damage with ranged weapons and melee attacks
   (-2).
   It enhances your eyesight.
   It can be evoked to emit clouds of fog.
   It makes you more stealthy.
 K - the +0 cloak of Starlight {rElec rC+ EV+4 Stlth-}
   (You found it in a wizard's laboratory)

   It affects your evasion (+4).
   It protects you from cold.
   It insulates you from electricity.
   It makes you less stealthy.
 Z - a +0 cloak (worn)
Jewellery
 D - an amulet of warding (around neck)
 G - an uncursed ring of flight {unknown}
Magical devices
 b - a wand of flame (19)
 o - a wand of disintegration (8)
 E - a wand of teleportation (4)
 M - a wand of teleportation (4)
 Q - a wand of disintegration (8)
Scrolls
 t - 10 scrolls of remove curse
 L - a scroll of fog
 N - 5 scrolls of teleportation
Potions
 c - 2 potions of restore abilities {unknown}
 e - 3 potions of might
 h - 5 potions of agility
 j - 9 potions of curing
 l - 5 potions of flight
 r - a potion of degeneration {unknown}
 x - a potion of cure mutation {unknown}
 A - 4 potions of haste
 B - a potion of berserk rage {unknown}
 O - a potion of invisibility
 P - 2 potions of ambrosia
Books
 q - a manual of Translocations
 C - Golubria's Catalogue of Orientation and Enhancements
   (You found it in a wizard's laboratory)

   Spells                             Type                      Level
   a - Apportation                    Translocation                1
   b - Shroud of Golubria             Charms/Translocation         2
   c - Recall                         Summoning/Translocation      3
   d - Passage of Golubria            Translocation                4
   e - Warp Weapon                    Charms/Translocation         5
   f - Phase Shift                    Translocation                5
   g - Gell's Gravitas                Hexes/Translocation          6
Miscellaneous
 s - a lamp of fire (inert)
Comestibles
 d - 15 meat rations
 w - 2 chunks of flesh
 I - 6 royal jellies
 R - a bread ration


   Skills:
 + Level 12.5 Fighting
 - Level 23.2 Axes
 - Level 12.0 Armour
   Level 3.2 Shields
 - Level 16.0 Invocations
 - Level 8.0 Evocations


You had 15 spell levels left.
You didn't know any spells.

Dungeon Overview and Level Annotations

Branches:
Dungeon (10/15)            Temple (1/1) D:6            Lair (8/8) D:10
  Swamp (0/5) Lair:3       Spider (0/5) Lair:3        Slime (0/6) Lair:7
    Orc (4/4) D:10            Elf (1/3) Orc:4

Altars:
Ashenzari
Cheibriados
Dithmenos
Elyvilon
Fedhas
Gozag
Kikubaaqudgha
Makhleb
Nemelex Xobeh
Okawaru
Qazlal
Ru
Sif Muna
Trog
Vehumet
Xom
Yredelemnul
Zin
The Shining One
Beogh
Jiyva

Shops:
D:7 (*   Orc:4 [(:[

Annotations:
D:8 Monkaria's ghost, experienced HOFi


Innate Abilities, Weirdness & Mutations

You have sharp toenails.
Your body is slowly deteriorating.
You are somewhat resistant to further mutation.


Message History

You see here a long sword.
The deep elf knight points at you and mumbles some strange words.
The stone arrow hits you!
* * * LOW HITPOINT WARNING * * *
The deep elf knight unwields an uncursed short sword.
The deep elf knight wields an uncursed shortbow.
The deep elf knight shoots an arrow.
The arrow hits you but does no damage.
The deep elf knight points at you and mumbles some strange words.
The stone arrow hits you!
* * * LOW HITPOINT WARNING * * *
A deep elf high priest opens the door.
The deep elf knight points at you and mumbles some strange words.
The stone arrow hits you!
Things that are here:
a buckler; a long sword Drink which item? (? for menu, Esc to quit)
You fade into invisibility!
The deep elf knight gestures at you while chanting.
The stone arrow hits you!
You die...

*,,,,...,,* #.....##...#
*****#.#*.** ##......#..#
##.##..#*###...#.#...
#...#*#..#..###...#..
*#######...##**#.#######.#..
*...........## **#....)...#. ****
#.####.#..)#.#####.#####..#)
,,.###.##......[)(.........##...#
,#...#.##.....e.@...###.##.##....
**#.#..##......######*########...
* *#.#.#...#...#,,,*88*,,,####..#
*#.....e.#..#****,,****#....#.
##..e......#8,,,,,,,,8######.
##.......#..#8.,,,,,,,8* #. *
##.#)#...###.#*..#.,*,,** #.
###)#)e#######'#8e..$$,,,8* #.
....))## ##.e#8ee....,,8* #.


You could see 2 deep elf knights.

Vanquished Creatures
  Saint Roka (Orc:4)
  3 tentacled starspawn (WizLab)
  Gastronok (Lair:2)
  An orc warlord (Orc:3)
  A deep elf demonologist (Elf:1)
  A white draconian (IceCv)
  Fannar (Lair:5)
  Harold (Lair:3)
  4 hydras
  Erica (Lair:1)
  A thrashing horror (WizLab)
  12 death yaks
  2 orc high priests (Orc:4)
  Urug (Orc:4)
  A sun demon (Orc:4)
  3 deep elf knights (Elf:1)
  2 giant orange brains (WizLab)
  A lindwurm (Lair:7)
  A deep elf summoner (Elf:1)
  2 ice statues
  2 hill giants
  A deep elf conjurer (Elf:1)
  A mana viper (shapeshifter) (Elf:1)
  An oklob plant (Orc:4)
  The ghost of Monkaria the Cleaver, an experienced HOFi (D:6)
  A griffon (Lair:8)
  A wizard (WizLab)
  An orc knight (Orc:4)
  4 orc sorcerers
  A sixfirhy (Orc:4)
  7 elephants
  Maurice (Orc:1)
  Joseph (D:9)
  A smoke demon (Elf:1)
  A torpor snail (Lair:8)
  A hellion (WizLab)
  A black mamba (Lair:1)
  6 komodo dragons
  A guardian serpent (WizLab)
  25 spiny frogs
  2 efreet (WizLab)
  2 demonic crawlers (WizLab)
  2 freezing wraiths
  4 hellwings
  A jumping spider (Elf:1)
  A giant leech (Lair:8)
  17 polar bears
  A two-headed ogre (D:9)
  A blue devil (WizLab)
  27 blink frogs
  2 wraiths (D:10)
  2 basilisks
  2 tarantellas (Elf:1)
  5 wyverns
  57 yaks
  A human (D:7)
  A redback (Elf:1)
  8 deep elf fighters
  A yak (shapeshifter) (D:9)
  Eustachio (D:10)
  9 deep elf magi
  6 spatial vortices (WizLab)
  12 hippogriffs
  A hungry ghost (D:9)
  2 fire elementals
  16 water moccasins
  2 hell hounds (WizLab)
  5 vampire mosquitoes (Lair:8)
  An insubstantial wisp (WizLab)
  3 wargs
  19 wolves
  35 orc warriors
  10 porcupines
  21 ice beasts
  5 sky beasts
  A wasp (D:9)
  10 ogres
  2 black bears
  2 phantoms
  The ghost of ThermosAquaticus the Charlatan, an average DgAr (D:3)
  14 crocodiles
  A necrophage (D:9)
  8 centaurs
  25 giant frogs
  2 big kobolds
  15 scorpions
  6 electric eels
  A wight (D:9)
  3 killer bees (D:9)
  A goliath beetle (D:10)
  10 crimson imps
  5 jellies
  A centaur zombie (Ossuary)
  2 quasits
  A giant frog zombie (D:9)
  An iron imp (WizLab)
  3 human zombies (Ossuary)
  10 iguanas
  A centaur skeleton (D:10)
  4 hounds
  30 orc wizards
  19 orc priests
  2 gnoll shamans
  8 worker ants
  4 hell rats (Elf:1)
  25 sheep
  3 big kobold zombies (Ossuary)
  5 mummies
  2 hound skeletons (D:4)
  Robin (D:3)
  20 adders
  A worker ant zombie (D:9)
  14 gnolls
  65 river rats
  5 shadow imps
  5 scorpion zombies (Ossuary)
  A giant mite (D:8)
  An orc skeleton (Orc:4)
  A white imp (Lair:4)
  3 worms
  An adder skeleton (D:4)
  8 giant geckos
  An ooze (D:3)
  196 orcs
  A bat skeleton (D:4)
  7 giant cockroaches
  A gnoll zombie (Ossuary)
  17 goblins
  20 hobgoblins
  11 jackals
  8 quokkas
  3 ball pythons
  28 bats
  A giant gecko skeleton (D:4)
  5 giant newts
  3 goblin zombies (Ossuary)
  4 hobgoblin zombies (Ossuary)
  3 jackal zombies
  17 kobolds
  A kobold zombie (Ossuary)
  A lurking horror (WizLab)
  7 orc zombies (Orc:4)
  A quokka zombie (D:5)
  22 rats
  2 ballistomycetes
  13 fungi
  9 plants
  3 starspawn tentacles (WizLab)
1124 creatures vanquished.

Vanquished Creatures (collateral kills)
  An eldritch tentacle (WizLab)
  9 death yaks
  An obsidian statue (WizLab)
  A black mamba (Lair:5)
  2 elephants (Lair:8)
  A hellwing (WizLab)
  A komodo dragon (Lair:8)
  3 polar bears
  A blue devil (WizLab)
  3 blink frogs (Lair:8)
  3 yaks
  A vampire mosquito (Lair:8)
  A chaos spawn (WizLab)
  A warg (Orc:4)
  3 orc warriors (Orc:4)
  A giant frog (Lair:8)
  An electric eel (Lair:8)
  A crimson imp (WizLab)
  2 white imps (WizLab)
  An orc (Orc:4)
38 creatures vanquished.

Vanquished Creatures (others)
  An Executioner (WizLab)
  A blizzard demon (Orc:4)
  A hellwing (Orc:4)
  A merfolk (IceCv)
  4 polar bears (IceCv)
  A yak (IceCv)
  2 fire elementals
  A wolf (IceCv)
  A hell hound (Orc:4)
  2 big kobolds (IceCv)
  An orc wizard (D:9)
  An orc (Orc:4)
  A kobold (D:2)
  2 giant spores
  An orc zombie (Orc:4)
  A ballistomycete (D:9)
  3566 eldritch tentacle segments (WizLab)
  13 fungi
  A plant (Lair:8)
  5 starspawn tentacles (WizLab)
  20 starspawn tentacle segments (WizLab)
3627 creatures vanquished.

Grand Total: 4789 creatures vanquished

Notes
Turn   | Place    | Note
--------------------------------------------------------------
     0 | D:1      | Monkaria, the Hill Orc Fighter, began the quest for the Orb.
     0 | D:1      | Reached XP level 1. HP: 19/19 MP: 1/1
   179 | D:1      | Reached XP level 2. HP: 24/27 MP: 2/2
   188 | D:1      | Reached skill level 4 in Fighting
   569 | D:2      | Reached XP level 3. HP: 25/33 MP: 3/3
   619 | D:2      | Found a stormy altar of Qazlal.
   715 | D:2      | Found an opulent altar of Gozag.
  1201 | D:3      | Reached skill level 5 in Axes
  1201 | D:3      | Reached XP level 4. HP: 26/40 MP: 4/4
  1849 | D:3      | Noticed ThermosAquaticus' ghost (average DgAr)
  1855 | D:3      | Reached skill level 6 in Axes
  1860 | D:3      | Reached XP level 5. HP: 43/46 MP: 5/5
  1871 | D:3      | Killed ThermosAquaticus' ghost
  1871 | D:3      | Reached skill level 7 in Axes
  2167 | D:3      | Noticed Robin
  2175 | D:3      | Killed Robin
  2175 | D:3      | Reached XP level 6. HP: 15/52 MP: 6/6
  2595 | D:3      | Reached skill level 8 in Axes
  2648 | D:3      | Found a bloodstained altar of Trog.
  2948 | D:4      | Found an iron altar of Okawaru.
  3065 | D:4      | Reached skill level 9 in Axes
  3078 | D:4      | Reached XP level 7. HP: 23/59 MP: 7/7
  3344 | D:4      | Reached skill level 10 in Axes
  3553 | D:4      | Found a deep blue altar of Sif Muna.
  3794 | D:5      | Entered Level 5 of the Dungeon
  4085 | D:5      | Reached skill level 11 in Axes
  4349 | D:4      | Reached XP level 8. HP: 26/66 MP: 8/8
  5062 | D:6      | Reached skill level 12 in Axes
  5198 | D:6      | Got a smoking scale mail
  5209 | D:6      | Identified the +2 scale mail of Leaves {Contam rPois+ Int+3 Dex+4} (You found it on level 6 of the Dungeon)
  5222 | D:6      | Noticed Monkaria's ghost (experienced HOFi)
  5320 | D:7      | Found Qablakh's Weapon Shop.
  5406 | D:7      | Reached skill level 13 in Axes
  5499 | D:7      | Found a sand-covered staircase.
  5505 | Ossuary  | Entered an ossuary
  5704 | Ossuary  | Reached XP level 9. HP: 63/71 MP: 9/9
  5720 | Ossuary  | Reached skill level 14 in Axes
  5862 | Ossuary  | Reached skill level 5 in Armour
  6505 | D:7      | Found a radiant altar of Vehumet.
  6813 | D:7      | Found Klasm's General Store.
  6873 | D:7      | Got a pair of brightly glowing gloves
  6884 | D:7      | Identified the +1 pair of gloves of the Eleven Eyes {rElec rC- rN+ MR- Str+4} (You found it on level 7 of the Dungeon)
  7089 | D:7      | Bought 2 potions of curing for 90 gold pieces
  7795 | D:6      | Killed Monkaria's ghost
  7850 | D:6      | Found a staircase to the Ecumenical Temple.
  7951 | Temple   | Entered the Ecumenical Temple
  8159 | Temple   | Became a worshipper of Makhleb the Destroyer
  8461 | D:8      | Noticed Monkaria's ghost (experienced HOFi)
  9292 | D:8      | Reached XP level 10. HP: 28/78 MP: 10/10
  9303 | D:8      | Reached skill level 1 in Invocations
  9813 | D:9      | Acquired Makhleb's first power
  9910 | D:9      | Reached skill level 5 in Invocations
 10508 | D:9      | HP: 2/78 [two-headed ogre/giant spiked club (19)]
 10521 | D:9      | Acquired Makhleb's second power
 10521 | D:9      | HP: 3/78 [necrophage (2)]
 10649 | D:9      | Gained mutation: You can spit poison. [mutagenic meat]
 11108 | D:9      | Noticed a guardian serpent
 11115 | D:9      | a guardian serpent changed into a yak
 11119 | D:9      | Reached skill level 10 in Invocations
 11312 | D:9      | Found a shimmering altar of Xom.
 11328 | D:9      | Found a shadowy altar of Dithmenos.
 11360 | D:9      | Noticed Joseph
 11386 | D:9      | Killed Joseph
 11432 | D:9      | Reached XP level 11. HP: 76/84 MP: 25/25
 11645 | D:10     | Entered Level 10 of the Dungeon
 11868 | D:10     | Acquired Makhleb's third power
 12034 | D:10     | Noticed Eustachio
 12045 | D:10     | Killed Eustachio
 12065 | D:10     | Noticed a hill giant
 12104 | D:9      | Killed a hill giant
 12554 | D:10     | Noticed a hill giant
 12571 | D:10     | Acquired Makhleb's fourth power
 12606 | D:10     | Reached skill level 15 in Axes
 12646 | D:10     | Lost mutation: You can spit poison. [helix card]
 12654 | D:10     | Killed a hill giant
 12825 | D:10     | Found a staircase to the Orcish Mines.
 12891 | D:10     | Gained mutation: You are somewhat resistant to further mutation. [mutagenic meat]
 13131 | D:10     | Acquired Makhleb's fifth power
 13143 | D:10     | Reached skill level 16 in Axes
 13412 | D:10     | Found a staircase to the Lair.
 13445 | D:10     | Gained mutation: Your body is slowly deteriorating. [mutagenic glow]
 13449 | Lair:1   | Entered Level 1 of the Lair of Beasts
 13517 | Lair:1   | Reached skill level 5 in Fighting
 13648 | Lair:1   | Reached XP level 12. HP: 66/96 MP: 28/28
 13983 | Lair:1   | Noticed Erica
 14000 | Lair:1   | Killed Erica
 14339 | Lair:2   | Found a frozen archway.
 14484 | Lair:2   | Noticed Gastronok
 14509 | Lair:2   | Killed Gastronok
 14585 | IceCv    | Entered an ice cave
 14883 | IceCv    | Reached skill level 10 in Fighting
 15585 | IceCv    | Reached skill level 1 in Evocations
 15948 | IceCv    | Reached skill level 5 in Evocations
 16821 | IceCv    | Noticed a white draconian
 16838 | IceCv    | Hired Sausujoco the merfolk for 266 gold.
 16852 | IceCv    | Reached skill level 17 in Axes
 16852 | IceCv    | Reached XP level 13. HP: 99/114 MP: 29/29
 16871 | IceCv    | Your ally Sausujoco died
 16877 | IceCv    | Hired Psatuirui the big kobold for 107 gold.
 16878 | IceCv    | Your ally Psatuirui died
 16880 | IceCv    | Hired Pem Kyug the big kobold for 93 gold.
 16893 | IceCv    | Your ally Pem Kyug died
 16917 | IceCv    | Killed a white draconian
 17368 | Lair:2   | Noticed a four-headed hydra
 17377 | Lair:2   | Killed a one-headed hydra
 17545 | Lair:2   | Reached skill level 18 in Axes
 18182 | Lair:3   | Found a staircase to the Swamp.
 18261 | Lair:3   | Noticed Harold
 18281 | Lair:3   | Killed Harold
 18701 | Lair:3   | Found a hole to the Spider Nest.
 19164 | Lair:4   | Reached skill level 19 in Axes
 19876 | Lair:5   | Reached skill level 10 in Armour
 20004 | Lair:5   | Noticed Fannar
 20060 | Lair:5   | Killed Fannar
 20905 | Lair:6   | Identified 2 scrolls of acquirement
 20965 | Lair:6   | Got a slimy chain mail
 20976 | Lair:6   | Identified the cursed -3 chain mail "Xoulleiq" {Str+7} (You found it on level 6 of the Lair of Beasts)
 22101 | Lair:6   | Reached XP level 14. HP: 122/122 MP: 30/30
 22318 | Lair:6   | Got a jewelled battleaxe
 22319 | Lair:6   | Identified the +3 battleaxe "Soydi" {flame, Str+2 Stlth+} (You found it on level 6 of the Lair of Beasts)
 22875 | Lair:7   | Reached skill level 20 in Axes
 23133 | Lair:7   | Found a staircase to the Slime Pits.
 23134 | Lair:7   | Found a viscous altar of Jiyva.
 23846 | Lair:8   | Entered Level 8 of the Lair of Beasts
 23956 | Lair:8   | Reached skill level 21 in Axes
 24468 | Lair:8   | Got a brightly glowing robe
 24492 | Lair:8   | Identified the +1 robe "Wacw" {Contam rN+ rCorr Str+6 Dex-3} (You found it on level 8 of the Lair of Beasts)
 24558 | Lair:8   | Gained mutation: Armour fits poorly on your strangely shaped body. [mutagenic glow]
 24606 | Lair:8   | Reached skill level 22 in Axes
 25328 | Lair:8   | Reached XP level 15. HP: 127/127 MP: 31/31
 25719 | Lair:8   | Reached skill level 23 in Axes
 26277 | Lair:4   | Identified Sif Muna's Volume of Good Luck and the Traveller
 26486 | Lair:1   | Drew Focus: Str increased to 27, Int decreased to 7
 26488 | Lair:1   | Lost mutation: Armour fits poorly on your strangely shaped body. [helix card]
 26488 | Lair:1   | Gained mutation: You have sharp toenails. [helix card]
 26560 | Orc:1    | Entered Level 1 of the Orcish Mines
 26560 | Orc:1    | Noticed Maurice
 26576 | Orc:1    | Killed Maurice
 27893 | Orc:4    | Entered Level 4 of the Orcish Mines
 28017 | Orc:4    | Found Evvouzal's Book Shoppe.
 28336 | Orc:4    | Found a roughly hewn altar of Beogh.
 28384 | Orc:4    | Noticed Urug
 28400 | Orc:4    | Killed Urug
 28457 | Orc:4    | Found a roughly hewn altar of Beogh.
 28474 | Orc:4    | Found Qunucwou's Antique Armour Boutique.
 28481 | Orc:4    | Bought a shiny plate armour for 598 gold pieces
 28481 | Orc:4    | Bought a heavily runed chain mail for 247 gold pieces
 28580 | Orc:4    | Noticed Saint Roka
 28954 | Orc:3    | Identified the +0 chain mail of the Eleven Eyes {Regen+} (You bought it in a shop on level 4 of the Orcish Mines)
 29116 | Orc:4    | Found a roughly hewn altar of Beogh.
 29116 | Orc:4    | Found Fibien's Antique Weapon Shoppe.
 29121 | Orc:4    | Found Pruolof's Antique Armour Emporium.
 29153 | Orc:4    | Found a roughly hewn altar of Beogh.
 29660 | Orc:4    | Found a staircase to the Elven Halls.
 29734 | Orc:4    | Found a roughly hewn altar of Beogh.
 29743 | Orc:4    | Found Giekh's Food Shop.
 29872 | Orc:4    | Bought a pair of runed gloves for 139 gold pieces
 29971 | Orc:4    | Found a roughly hewn altar of Beogh.
 30662 | Orc:4    | Killed Saint Roka
 30828 | Elf:1    | Entered Level 1 of the Elven Halls
 30983 | Elf:1    | Found a magical portal.
 30993 | WizLab   | Entered The Roulette of Golubria
 30999 | WizLab   | Found a corrupted altar of Lugonu.
 30999 | WizLab   | Noticed an eldritch tentacle
 31044 | WizLab   | Noticed a tentacled starspawn
 31053 | WizLab   | Killed a tentacled starspawn
 31123 | WizLab   | Noticed a tentacled starspawn
 31126 | WizLab   | Killed a tentacled starspawn
 31134 | WizLab   | Reached XP level 16. HP: 75/139 MP: 32/32
 31152 | WizLab   | Identified Golubria's Catalogue of Orientation and Enhancements
 31666 | WizLab   | Reached skill level 15 in Invocations
 31711 | WizLab   | Got a pair of transparent boots
 31722 | WizLab   | Identified the cursed -5 pair of boots "Ohovegria" {MP-9 Int+6 Dex+3} (You found it in a wizard's laboratory)
 31753 | WizLab   | Noticed a tentacled starspawn
 31768 | WizLab   | Killed a tentacled starspawn
 31924 | WizLab   | Killed an eldritch tentacle
 32176 | Elf:1    | Noticed an Executioner
 32204 | Elf:1    | HP: 2/141 [deep elf knight/stone arrow (24)]
 32206 | Elf:1    | Killed from afar by a deep elf knight

Action                   |  1- 3 |  4- 6 |  7- 9 | 10-12 | 13-15 | 16-18 || total
-------------------------+-------+-------+-------+-------+-------+-------++-------
Melee: War axe           |   125 |   162 |   570 |  1462 |    43 |       ||  2362
       Battleaxe         |       |       |       |       |   705 |       ||   705
       Scimitar          |       |       |       |       |     8 |       ||     8
       Executioner's axe |       |       |       |       |   644 |   161 ||   805
 Fire: Blowgun           |       |       |       |       |    16 |       ||    16
Invok: Minor Destruction |       |       |       |       |    20 |       ||    20
       Greater Servant o |       |       |       |       |     6 |     2 ||     8
 Abil: Spit Poison       |       |       |       |     1 |       |       ||     1
Evoke: Wand              |       |       |     3 |    23 |     2 |       ||    28
       Deck              |       |       |       |     4 |    12 |       ||    16
       Lamp of fire (ine |       |       |       |     1 |       |     1 ||     2
       Disc of storms    |       |       |       |       |     1 |       ||     1
  Use: Scroll            |       |       |    18 |     4 |    18 |     2 ||    42
       Potion            |       |       |     2 |     4 |    10 |     2 ||    18
 Stab: Fleeing           |       |       |       |     1 |     1 |       ||     2
  Eat: Chunk             |     1 |     6 |    14 |    30 |    40 |     2 ||    93
       Bread ration      |       |       |     1 |       |     1 |       ||     2
       Pizza             |       |       |     1 |       |     1 |     1 ||     3
       Beef jerky        |       |       |       |       |     1 |       ||     1
